 Dungeon Crawl Stone Soup version 0.29-a0-356-g7bc237e783 (webtiles) character file.

Game seed: 14178547958972168900

287 HendSelp the Ruffian (level 6, -6/32 HPs)
             Began as a Vine Stalker Gladiator on Apr 26, 2022.
             Mangled by an ice beast (11 damage)
             ... on level 7 of the Dungeon.
             The game lasted 00:04:54 (2904 turns).

HendSelp the Ruffian (Vine Stalker Gladiator)       Turns: 2904, Time: 00:04:55

Health: -6/32      AC:  4    Str: 19    XL:     6   Next: 30%
Magic:  0/16       EV: 13    Int:  8    God:
Gold:   122        SH:  0    Dex: 21    Spells: 5/5 levels left

rFire   . . .      SeeInvis .     - Unarmed
rCold   . . .      Faith    .   (no shield)
rNeg    . . .      Spirit   +   a - +0 leather armour
rPois   .          Reflect  .   b - +0 helmet
rElec   .          Harm     .   (no cloak)
rCorr   .          Rampage  .   (no gloves)
Will    .....                   (no boots)
Stlth   ++........              (no amulet)
HPRegen 0.90/turn               m - ring of magical power
MPRegen 0.15/turn               p - +6 ring of dexterity

@: no status effects
A: fangs 2, regeneration 1, magic shield, antimagic bite, no potion heal 2
a: no special abilities


You were on level 7 of the Dungeon.
You visited 1 branch of the dungeon, and saw 5 of its levels.

You collected 122 gold pieces.

Inventory:

Missiles
 c - 3 throwing nets (quivered)
 d - a javelin
Armour
 a - a +0 leather armour (worn)
 b - a +0 helmet (worn)
Jewellery
 m - a ring of magical power (left hand)
 p - a +6 ring of dexterity (right hand)
Scrolls
 g - 4 scrolls of teleportation
 j - a scroll of silence
 k - a scroll of enchant weapon
 n - a scroll of immolation
Potions
 e - a potion of ambrosia
 h - 2 potions of flight
 i - a potion of curing
 l - a potion of heal wounds
 o - a potion of resistance


   Skills:
 * Level 2.5 Fighting
 - Level 1.7 Throwing
 * Level 2.0 Armour
 * Level 3.4 Dodging
 * Level 5.1 Unarmed Combat


You had 5 spell levels left.
You didn't know any spells.
Your spell library contained the following spells:

 Spells                   Type           Power      Damage    Failure   Level
 Inner Flame              Hex/Fire       0%         N/A       83%         3
 Cause Fear               Hex            0%         N/A       99%         4
 Discord                  Hex            0%         N/A       100%        8


Dungeon Overview and Level Annotations

Branches:
Dungeon (4/15)
 Temple: D:4-7

Altars:

Shops:
D:2 [


Innate Abilities, Weirdness & Mutations

You have extremely sharp teeth.
Your natural rate of healing is unusually fast.
When hurt, damage is shared between your health and your magic reserves.
Your bite disrupts and absorbs the magic of your enemies.
Potions cannot restore your health.


Message History

The sky beast closely misses you.
You hit the sky beast but do no damage.
The sky beast is moderately wounded.
The sky beast closely misses you.
You hit the sky beast. Your bite misses the sky beast.
The sky beast is heavily wounded.
The sky beast closely misses you.
You miss the sky beast.
You bite the sky beast, but do no damage.
The sky beast is heavily wounded.
The sky beast hits you but does no damage.
You punch the sky beast! Your bite misses the sky beast.
The sky beast is severely wounded.
The sky beast hits you. The sky beast shocks you.
You barely miss the sky beast.
The sky beast is severely wounded.
The sky beast hits you. The sky beast shocks you.
You hit the sky beast. Your bite misses the sky beast.
The sky beast is almost dead.
The sky beast hits you but does no damage.
You hit the sky beast.
You kill the sky beast!
Your Armour skill increases to level 2!
Your Unarmed Combat skill increases to level 5!
You have reached level 6!
You see here a sky beast corpse.
You open the door.
An ice beast comes into view.
There is an open door here.
You hear the slow hiss of a distant avalanche of sand.
The ice beast hits you. The ice beast freezes you! The ice beast hits you.
The ice beast freezes you!
You barely miss the ice beast.
You bite the ice beast, but do no damage.
The ice beast hits you. The ice beast freezes you!
* * * LOW HITPOINT WARNING * * *
The ice beast hits you.
* * * LOW HITPOINT WARNING * * *
The ice beast freezes you!
You die...

##....# #..##
#.....#####..#
##...........#######
##.########.......#
#.# #..####.# #.#
###..†..... ##'##
#......##.. ##...##
#.#....# . ##..@Y.##
#.#..#.# .. #.......#
# #..#.##..
#.........##.#........
+.........+.(.........
#.........####....###.
##.......## #........
##.....## ####.####
##...## #.# ##... #.#


You could see an ice beast.

Vanquished Creatures
  A sky beast (D:7)
  An orc priest (D:3)
  2 orc wizards (D:3)
  5 adders
  2 dart slugs
  7 orcs (D:3)
  4 ball pythons
  7 bats
  6 endoplasms
  4 giant cockroaches
  3 goblins (D:1)
  A hobgoblin (D:1)
  5 jackals (D:1)
  5 kobolds
  4 quokkas
  2 frilled lizards (D:3)
  2 rats (D:2)
61 creatures vanquished.

Notes
Turn   | Place    | Note
-------+----------+-------------------------------------------
     0 | D:1      | HendSelp the Vine Stalker Gladiator began the quest for the
                  | Orb.
     0 | D:1      | Reached XP level 1. HP: 11/11 MP: 2/2
   137 | D:1      | Reached XP level 2. HP: 12/15 MP: 3/3
  1000 | D:1      | Reached XP level 3. HP: 18/18 MP: 4/4
  1327 | D:2      | Found Rycruenu's Antique Armour Shoppe.
  1336 | D:2      | Found a faded altar of an unknown god.
  1610 | D:2      | Gained mutation: Your natural rate of healing is unusually
                  | fast. [Vine Stalker growth]
  1610 | D:2      | Reached XP level 4. HP: 20/23 MP: 3/5
  2050 | D:3      | Reached skill level 1 in Armour
  2050 | D:3      | Reached skill level 4 in Unarmed Combat
  2291 | D:3      | Reached XP level 5. HP: 22/26 MP: 6/6
  2850 | D:4      | You fall into a shaft and drop 3 floors!
  2858 | D:7      | Noticed a sky beast
  2871 | D:7      | Killed a sky beast
  2872 | D:7      | Reached skill level 5 in Unarmed Combat
  2872 | D:7      | Reached XP level 6. HP: 21/32 MP: 7/7
  2898 | D:7      | Noticed an ice beast
  2904 | D:7      | Mangled by an ice beast

Illustrated notes

Levels and vault maps discovered:
D:1:      dpeg_arrival_more_subterranean_lakeside_camping, layout_loops_corners
D:2:      layout_loops_cross, serial_shops, shop_fountains,
          ebering_ecumenical_altar_box
D:3:      layout_loops_ring
D:4:      layout_cave_pools, serial_shops, kennysheep_mini_moat,
          nicolae_shop_competitors_out_of_business, kennysheep_little_box,
          st_stairs_9
D:7:      layout_loops_corners, chequers_temple_overflow_statue_of_worship,
          nicolae_ru_great_annihilating_truth, serial_shops, shop,
          enter_ossuary_1

Skill      XL: |  1  2  3  4  5 |
---------------+----------------+-----
Fighting       | 2 |  2.5
Armour         | 1 2 |  2.0
Dodging        | 3 |  3.4
Unarmed Combat | 4 5 |  5.1
Throwing       | |  1.7

Action                   |  1- 3 |  4- 6 || total
-------------------------+-------+-------++-------
Melee: Unarmed           |   103 |   120 ||   223
       Bite              |    23 |    24 ||    47
       Punch             |     2 |     2 ||     4
  Use: Scroll            |     4 |     8 ||    12
 Stab: Sleeping          |     1 |     1 ||     2
Armor: Leather armour    |    40 |    30 ||    70
Dodge: Dodged            |    59 |    50 ||   109

Table legend: (Time is in decaauts)
 A = Elapsed time spent in this place.
 B = Non-inter-level travel time spent in this place.
 C = Inter-level travel time spent in this place.
 D = Time resting spent in this place.
 E = Time spent auto-exploring this place.
 F = Levels seen in this place.
 G = Mean time per level.
                   A        B        C        D        E       F      G
               +--------+--------+--------+--------+--------+-----+--------+
         Total |   2886 |   2851 |     35 |    102 |   2224 |   5 |  577.2 |
       Dungeon |   2886 |   2851 |     35 |    102 |   2224 |   5 |  577.2 |
               +--------+--------+--------+--------+--------+-----+--------+

Top non-repeatable levels by time:
     D:1: 1310 daAuts
     D:3: 777 daAuts
     D:2: 726 daAuts
     D:7: 52 daAuts
     D:4: 18 daAuts
